 Dungeon Crawl Stone Soup version 0.30.1-3-gfc49f6343a (webtiles) character file.

Game seed: 3347616231140480898

73 fen0s the Magician (level 4, 0/24 HPs)
             Began as a Deep Elf Hedge Wizard on July 20, 2023.
             Succumbed to Crazy Yiuf's poison
             ... on level 3 of the Dungeon.
             The game lasted 00:10:59 (2305 turns).

fen0s the Magician (Deep Elf Hedge Wizard)          Turns: 2305, Time: 00:11:00

Health: 0/24       AC:  2    Str:  7    XL:     4   Next: 8%
Magic:  13/13      EV: 13    Int: 21    God:
Gold:   114        SH:  0    Dex: 14    Spells: 13/14 levels left

rFire   . . .        a - +0 dagger
rCold   . . .        (no shield)
rNeg    . . .        b - +0 robe
rPois   .            c - +0 hat
rElec   .            (no cloak)
rCorr   .            (no gloves)
SInv    .            (no boots)
Will    .....        (no amulet)
Stlth   ++           (no ring)
HPRegen 0.24/turn    (no ring)
MPRegen 0.13/turn

%: no passive effects
@: lethally poisoned (0 -> -14)
A: no striking features
a: no special abilities


You were on level 3 of the Dungeon.
You visited 1 branch of the dungeon, and saw 3 of its levels.

You collected 114 gold pieces.

Inventory:

Hand Weapons
 a - a +0 dagger (weapon)
 j - a +0 sling
 n - a +0 spear
 r - a +0 dagger
Armour
 b - a +0 robe (worn)
 c - a +0 hat (worn)
 k - a +0 leather armour
 l - a +0 helmet
Jewellery
 o - a ring of magical power
Wands
 q - a wand of flame (11)
Scrolls
 e - 5 scrolls of identify
 h - a scroll of enchant weapon
 i - a scroll of silence {unknown}
 m - a scroll of immolation {unknown}
 s - a scroll of noise {unknown}
 t - a scroll of fear {unknown}
 u - a scroll of teleportation {unknown}
 x - a scroll of summoning {unknown}
Potions
 d - 2 potions of magic
 f - a potion of curing {unknown}
 g - a potion of brilliance {unknown}
 p - a potion of mutation {unknown}
 v - a potion of attraction {unknown}
 w - a potion of might {unknown}


   Skills:
 + Level 2.9 Dodging
 + Level 2.6 Stealth
 + Level 5.9 Spellcasting
 + Level 2.2 Conjurations
 + Level 1.1 Summonings
 + Level 1.1 Translocations


You had 13 spell levels left.
You knew the following spells:

 Your Spells              Type           Power      Damage    Failure   Level
a - Magic Dart            Conj           60%        1d6       3%          1

Your spell library contained the following spells:

 Spells                   Type           Power      Damage    Failure   Level
 Slow                     Hex            24%        N/A       10%         1
 Blink                    Tloc           20%        N/A       10%         2
 Call Imp                 Summ           20%        N/A       10%         2
 Cigotuvi's Dreadful Rot  Necr/Pois/Air  12%        N/A       16%         2
 Mephitic Cloud           Conj/Pois/Air  9%         N/A       22%         3


Dungeon Overview and Level Annotations

Branches:
Dungeon (3/15)

Altars:

Annotations:
D:3 Crazy Yiuf


Message History

There is a stone staircase leading down here.
There is a stone staircase leading down here.
You climb downwards.
Found 5 gold pieces and a club.
There is a stone staircase leading up here.
You see here 5 gold pieces.
The magic dart hits the rat.
You kill the rat!
There is a stone staircase leading up here.
Found an escape hatch in the ceiling.
You see here a +0 club.
There is a stone staircase leading up here.
You now have 114 gold pieces (gained 5).
w - a glowing puce potion
There are no items here.
Found 5 stones.
You see here 5 stones.
Found a short sword.
x - a scroll labelled EDIM WOSIKLO
There are no items here.
Found a hammer.
Found a runed translucent door.
You open the door.
Crazy Yiuf shouts!
There is an open translucent door here.
You hit Crazy Yiuf.
Crazy Yiuf is lightly wounded.
Crazy Yiuf hits you with a +4 quarterstaff of chaos!
You are poisoned.
You feel sick.
You feel sick. Crazy Yiuf attacks as you move away!
Crazy Yiuf barely misses you.
You feel sick. Crazy Yiuf attacks as you move away!
Crazy Yiuf hits you with a +4 quarterstaff of chaos!
* * * LOW HITPOINT WARNING * * *
You are lethally poisoned!
* * * LOW HITPOINT WARNING * * *
You feel very sick. Crazy Yiuf attacks as you move away! Crazy Yiuf misses you.
You die...

#..........##
#.###...#### #.#
##### #.# #.#
#.#####♣♣ ####
#.##.#..♣♣ ♣♣#..)#
##.#......♣♣♣♣.'...#
#.......P.@♣g.♣#...#
#..#...#...♣.♣♣♣
#### #....####♣♣♣♣♣
..#..## ###.#. .....
#####


There were no monsters in sight!

Vanquished Creatures
  3 gnolls (D:2)
  A worm (D:2)
  A dart slug (D:1)
  3 endoplasms (D:2)
  A giant cockroach (D:1)
  3 goblins
  4 hobgoblins
  2 quokkas
  3 ball pythons
  5 bats
  A frilled lizard (D:1)
  5 kobolds
  8 rats
40 creatures vanquished.

Notes
Turn   | Place    | Note
-------+----------+-------------------------------------------
     0 | D:1      | fen0s the Deep Elf Hedge Wizard began the quest for the
                  | Orb.
     0 | D:1      | Reached XP level 1. HP: 10/10 MP: 7/7
   385 | D:1      | Reached skill level 5 in Spellcasting
   421 | D:1      | Reached XP level 2. HP: 15/15 MP: 6/10
  1437 | D:2      | Reached XP level 3. HP: 19/19 MP: 7/12
  1605 | D:2      | Found a faded altar of an unknown god.
  1893 | D:2      | Reached XP level 4. HP: 24/24 MP: 1/13
  2294 | D:3      | Found a runed translucent door.
  2295 | D:3      | Noticed Crazy Yiuf
  2305 | D:3      | Succumbed to Crazy Yiuf's poison

Illustrated notes

Levels and vault maps discovered:
D:1:      eino_arrival_druids_welcome, layout_basic, minmay_split_cup_large
D:2:      layout_basic, hellmonk_ecumenical_altar_crossroads,
          chequers_serial_rivers_micro_d, dreamdust_mushroom_princess
D:3:      layout_loops_ring, uniq_crazy_yiuf_cottage

Skill      XL: |  1  2  3 |
---------------+----------+-----
Spellcasting   | 5 |  5.9
Conjurations   | 2 |  2.2
Dodging        | |  2.9
Stealth        | |  2.6
Summonings     | |  1.1
Translocations | |  1.1

Action                     |  1- 3 |  4- 6 || total
---------------------------+-------+-------++-------
  Melee: Dagger            |    13 |     1 ||    14
   Cast: Magic Dart        |   108 |     4 ||   112
  Evoke: Wand              |     6 |       ||     6
    Use: Scroll            |     1 |       ||     1
 Armour: Robe              |     8 |       ||     8
  Dodge: Dodged            |    34 |     2 ||    36
